2700 views
Uploaded 2021-09-05 01:15:28
Game version 1.32.10
6:08 long 2on2 ladder game on (4)TurtleRock
Saved by Profited
2700 views
Uploaded 2021-09-05 01:15:28
Game version 1.32.10
6:08 long 2on2 ladder game on (4)TurtleRock


24 units @ 3.4k
/ 0.2k
17 buildings @ 2.9k
/ 0.7k

| Healing Salve | 3 | 300 |
| Lesser Clarity Potion | 1 | 70 |
| total: | 4 | 370g |
| Peon | 9 | 675 | / | 0 |
| Grunt | 5 | 1000 | / | 0 |
| total: | 14 | 1675g | / | 0w |
| Altar of Storms | 2 | 360 | / | 100 |
| Orc Burrow | 3 | 480 | / | 120 |
| Barracks | 1 | 180 | / | 50 |
| Voodoo Lounge | 1 | 130 | / | 30 |
| War Mill | 1 | 205 | / | 0 |
| Stronghold | 1 | 315 | / | 190 |
| Fortress | 1 | 325 | / | 190 |
| total: | 8 | 1355g | / | 300w |
| 0:14 | Peon |
| 0:14 | Peon |
| 0:14 | Peon |
| 0:16 | Altar of Storms |
| 0:17 | Altar of Storms |
| 0:32 | Orc Burrow |
| 0:46 | Barracks |
| 0:53 | Peon |
| 1:11 | Peon |
| 1:11 | Peon |
| 1:44 | Orc Burrow |
| 1:47 | Peon |
| 1:50 | Grunt |
| 2:02 | Voodoo Lounge |
| 2:08 | Peon |
| 2:22 | Wind Walk |
| 2:23 | Peon |
| 2:35 | Grunt |
| 3:11 | Stronghold |
| 3:23 | Healing Salve |
| 3:23 | Lesser Clarity Potion |
| 3:25 | Healing Salve |
| 3:25 | Healing Salve |
| 3:34 | Grunt |
| 4:00 | Grunt |
| 4:29 | Critical Strike |
| 5:09 | Grunt |
| 5:53 | Fortress |
| 5:54 | Orc Burrow |
| 5:56 | War Mill |
| Right click | 510 |
| Select group | 206 |
| Select | 165 |
| Chat | 86 |
| Misc. action | 38 |
| Build/train/purchase | 33 |
| Assign group | 19 |
| Use ability | 7 |
| Item give/drop | 1 |
| Esc | 1 |
| Minimap ping | 1 |

| Rod of Necromancy | 1 | 150 |
| Dust of Appearance | 1 | 75 |
| total: | 2 | 225g |
| Acolyte | 2 | 150 | / | 0 |
| Ghoul | 2 | 240 | / | 0 |
| Crypt Fiend | 6 | 1290 | / | 240 |
| total: | 10 | 1680g | / | 240w |
| Nerubian Tower | 1 | 100 | / | 20 |
| Crypt | 2 | 400 | / | 100 |
| Graveyard | 1 | 215 | / | 0 |
| Altar of Darkness | 2 | 360 | / | 100 |
| Ziggurat | 3 | 450 | / | 150 |
| Tomb of Relics | 1 | 130 | / | 30 |
| Halls of the Dead | 1 | 320 | / | 210 |
| total: | 9 | 1555g | / | 380w |
| 0:02 | Acolyte |
| 0:14 | Crypt |
| 0:24 | Graveyard |
| 0:27 | Acolyte |
| 0:44 | Altar of Darkness |
| 0:48 | Crypt |
| 0:53 | Altar of Darkness |
| 1:07 | Ziggurat |
| 1:31 | Tomb of Relics |
| 1:38 | Ziggurat |
| 1:51 | Ghoul |
| 2:09 | Ghoul |
| 2:26 | Crypt Fiend |
| 2:57 | Rod of Necromancy |
| 3:00 | Dust of Appearance |
| 3:08 | Nerubian Tower |
| 3:13 | Death Coil |
| 3:21 | Crypt Fiend |
| 3:54 | Crypt Fiend |
| 4:50 | Crypt Fiend |
| 4:55 | Ziggurat |
| 5:02 | Halls of the Dead |
| 5:09 | Unholy Aura |
| 5:36 | Crypt Fiend |
| 6:00 | Crypt Fiend |
| Right click | 350 |
| Select group | 187 |
| Select | 82 |
| Misc. action | 46 |
| Build/train/purchase | 32 |
| Assign group | 17 |
| Use ability | 4 |
| Esc | 2 |
| Minimap ping | 2 |
34 units @ 4.1k
/ 0k
22 buildings @ 2.4k
/ 0.7k

| Healing Salve | 1 | 100 |
| Lesser Clarity Potion | 1 | 70 |
| total: | 2 | 170g |
| Peon | 5 | 375 | / | 0 |
| Grunt | 7 | 1400 | / | 0 |
| total: | 12 | 1775g | / | 0w |
| Watch Tower | 1 | 110 | / | 80 |
| Altar of Storms | 1 | 180 | / | 50 |
| Orc Burrow | 3 | 480 | / | 120 |
| Barracks | 1 | 180 | / | 50 |
| War Mill | 1 | 205 | / | 0 |
| Voodoo Lounge | 2 | 260 | / | 60 |
| Stronghold | 1 | 315 | / | 190 |
| total: | 9 | 1415g | / | 360w |
| 0:01 | Peon |
| 0:05 | Altar of Storms |
| 0:10 | Peon |
| 0:14 | Orc Burrow |
| 0:27 | Barracks |
| 0:36 | Peon |
| 0:44 | Peon |
| 1:00 | Peon |
| 1:29 | Orc Burrow |
| 1:30 | Grunt |
| 1:58 | Grunt |
| 2:08 | Wind Walk |
| 2:24 | War Mill |
| 2:34 | Grunt |
| 2:56 | Grunt |
| 3:36 | Watch Tower |
| 3:38 | Voodoo Lounge |
| 3:55 | Voodoo Lounge |
| 4:34 | Critical Strike |
| 4:49 | Grunt |
| 4:50 | Stronghold |
| 5:13 | Grunt |
| 5:42 | Grunt |
| 5:44 | Orc Burrow |
| 5:58 | Healing Salve |
| 6:01 | Lesser Clarity Potion |
| Right click | 531 |
| Select group | 301 |
| Select | 101 |
| Build/train/purchase | 27 |
| Assign group | 11 |
| Use ability | 1 |
| Esc | 1 |

| Peasant | 11 | 825 | / | 0 |
| Footman | 11 | 1485 | / | 0 |
| total: | 22 | 2310g | / | 0w |
| Scout Tower | 6 | 180 | / | 120 |
| Guard Tower | 4 | 280 | / | 200 |
| Barracks | 1 | 160 | / | 60 |
| Farm | 4 | 320 | / | 80 |
| Altar of Kings | 1 | 180 | / | 50 |
| Lumber Mill | 1 | 120 | / | 0 |
| total: | 13 | 960g | / | 310w |
| 0:02 | Peasant |
| 0:06 | Barracks |
| 0:08 | Peasant |
| 0:20 | Farm |
| 0:23 | Peasant |
| 0:34 | Altar of Kings |
| 0:38 | Peasant |
| 0:51 | Farm |
| 1:04 | Lumber Mill |
| 1:11 | Footman |
| 1:18 | Peasant |
| 1:34 | Footman |
| 1:48 | Peasant |
| 1:51 | Farm |
| 1:59 | Footman |
| 2:18 | Footman |
| 2:26 | Farm |
| 2:35 | Summon Water Elemental |
| 2:45 | Footman |
| 2:46 | Peasant |
| 3:02 | Footman |
| 3:26 | Scout Tower |
| 3:28 | Scout Tower |
| 3:30 | Scout Tower |
| 3:42 | Scout Tower |
| 3:47 | Footman |
| 3:55 | Guard Tower |
| 3:57 | Guard Tower |
| 4:09 | Guard Tower |
| 4:18 | Footman |
| 4:20 | Scout Tower |
| 4:23 | Scout Tower |
| 4:51 | Footman |
| 4:59 | Guard Tower |
| 5:04 | Peasant |
| 5:05 | Peasant |
| 5:37 | Footman |
| 5:37 | Footman |
| 5:54 | Peasant |
| 5:54 | Peasant |
| 5:58 | Brilliance Aura |
| Right click | 194 |
| Select | 113 |
| Select group | 104 |
| Build/train/purchase | 36 |
| Chat | 22 |
| Assign group | 16 |